 Dungeon Crawl Stone Soup version 0.29-a0-243-g602b31c20e (webtiles) character file.

Game seed: 1619080735926319092

169 timneilson the Shield-Bearer (level 5, -2/33 HPs)
             Began as a Gargoyle Fighter on Mar 4, 2022.
             Slain by an orc warrior
             ... wielding a +0 hand axe
              (12 damage)
             ... on level 3 of the Dungeon.
             The game lasted 00:03:55 (3266 turns).

timneilson the Shield-Bearer (Gargoyle Fighter)     Turns: 3266, Time: 00:03:56

Health: -2/33      AC: 12    Str: 21    XL:     5   Next: 50%
Magic:  5/5        EV:  9    Int:  9    God:
Gold:   96         SH:  4    Dex:  9    Spells: 4/4 levels left

rFire   . . .      SeeInvis .   a - +0 long sword
rCold   . . .      Faith    .   c - +0 buckler
rNeg    + . .      Spirit   .   b - +0 scale mail
rPois   ∞          Reflect  .   k - +0 helmet
rElec   +          Harm     .   (no cloak)
rCorr   .          Rampage  .   (no gloves)
Will    .....                   (no boots)
Stlth   ..........              (no amulet)
HPRegen 0.11/turn               (no ring)
MPRegen 0.09/turn               (no ring)

@: no status effects
A: sickness immunity, AC +4, negative energy resistance 1, electricity
resistance, torment resistance 1, petrification resistance
a: no special abilities


You were on level 3 of the Dungeon.
You visited 1 branch of the dungeon, and saw 3 of its levels.

You collected 96 gold pieces.

Inventory:

Hand Weapons
 a - a +0 long sword (weapon)
 h - a +1 hand axe of flaming
Armour
 b - a +0 scale mail (worn)
 c - a +0 buckler (worn)
 k - a +0 helmet (worn)
Jewellery
 f - a ring of protection from fire
Scrolls
 m - a scroll of amnesia {unknown}
 n - a scroll of magic mapping {unknown}
Potions
 d - a potion of might
 e - a potion of ambrosia
 g - 2 potions of mutation
 i - a potion of cancellation {unknown}
 j - 2 potions of curing {unknown}
 o - a potion of degeneration {unknown}


   Skills:
 + Level 3.7 Fighting
 * Level 2.8 Long Blades
 * Level 4.3 Armour
 + Level 1.1 Dodging
 * Level 4.5 Shields


You had 4 spell levels left.
You didn't know any spells.
Your spell library contained the following spells:

 Spells                   Type           Power      Damage    Failure   Level
 Animate Skeleton         Necr           0%         N/A       80%         1
 Apportation              Tloc           0%         N/A       80%         1
 Summon Small Mammal      Summ           0%         N/A       80%         1


Dungeon Overview and Level Annotations

Branches:
Dungeon (3/15)

Altars:


Innate Abilities, Weirdness & Mutations

You are immune to sickness and miasma.
Your stone body is resilient. (AC +4)
You are immune to poison.
You resist negative energy. (rN+)
You are resistant to electric shocks. (rElec)
You are resistant to unholy torment.
You are immune to petrification.


Message History

Wisps of shadow swirl around the orc priest.
You hit the orc priest.
The orc priest is moderately wounded.
The orc priest looks braver for a moment.
The orc hits you with a +0 dagger.
You hit the orc priest.
The orc priest is severely wounded.
The orc priest calls down the wrath of Beogh upon you.
Pain shoots through your body! The orc barely misses you.
You barely miss the orc warrior.
An orc comes into view. It is wielding a +0 short sword.
The orc closely misses you.
Unknown command.
The orc shouts!
You hit the orc.
The orc is heavily wounded.
The orc completely misses you. The orc warrior closely misses you.
The hobgoblin barely misses you. The orc hits you but does no damage.
You hit the orc.
The orc is severely wounded.
The orc priest hits you but does no damage.
The orc warrior hits you with a +0 hand axe!
The hobgoblin closely misses you. The orc completely misses you.
You block the orc priest's attack.
You barely miss the orc.
The orc is severely wounded.
The orc warrior closely misses you. You block the hobgoblin's attack.
The orc closely misses you.
The orc priest hits you from afar with a +0 trident.
The orc warrior hits you with a +0 hand axe!
You block the hobgoblin's attack.
As you read the scroll labelled LAVAUF REBB, it crumbles to dust.
You hear a loud clanging noise!
It was a scroll of noise.
You hear a shout!
You hear a chilling moan.
You hear a shout! x2
You hear a chilling moan.
You hear an angry hiss.
The orc hits you but does no damage.
The orc priest hits you but does no damage.
The orc warrior hits you with a +0 hand axe!
You die...

#.......####(##
######.......#
#.####### #)#
##.## ### #...#
#.. #.##### #...#
#.# #..ogo# ##...#
#.#
#@#####....#####.#
#o##..≈.)......#.#
#.................
####.≈≈≈≈≈≈≈...###
#####r..#######
#...# #. #...# #.
#.r.# #. #...# #.


You could see an orc warrior, an orc priest, an orc (summoned) and a hobgoblin
(summoned).

Vanquished Creatures
  An orc wizard (D:3)
  Robin (D:3)
  4 gnolls (D:2)
  A dart slug (D:1)
  9 orcs
  A bat (D:1)
  7 endoplasms
  2 giant cockroaches
  11 goblins
  9 hobgoblins
  7 jackals
  A quokka (D:1)
  7 ball pythons
  4 frilled lizards
  6 kobolds
  6 rats
77 creatures vanquished.

Notes
Turn   | Place    | Note
-------+----------+-------------------------------------------
     0 | D:1      | timneilson the Gargoyle Fighter began the quest for the
                  | Orb.
     0 | D:1      | Reached XP level 1. HP: 14/14 MP: 1/1
   173 | D:1      | You fall into a shaft and drop 1 floor!
   181 | D:2      | Reached XP level 2. HP: 19/19 MP: 2/2
   733 | D:1      | Reached XP level 3. HP: 4/23 MP: 3/3
  1671 | D:2      | Reached XP level 4. HP: 19/28 MP: 4/4
  1869 | D:2      | Reached skill level 1 in Dodging
  2519 | D:3      | Reached XP level 5. HP: 31/32 MP: 5/5
  2549 | D:3      | Noticed Robin
  2569 | D:3      | Killed Robin
  3258 | D:3      | Noticed an orc warrior
  3266 | D:3      | Slain by an orc warrior

Illustrated notes

Levels and vault maps discovered:
D:1:      dpeg_arrival_tiny_d, layout_basic, dk_noncrumbling_4,
          minmay_misc_feat_doors, hangedman_decor_peaks_small
D:2:      layout_basic, minivault_24
D:3:      layout_loops_cross, gammafunk_ghost_stat_death,
          chequers_serial_rivers_micro_e, wander_ebering_terrifying_dragon_lair,
          uniq_robin

Skill      XL: |  1  2  3  4 |
---------------+-------------+-----
Long Blades    | 2 |  2.8
Dodging        | 1 |  1.1
Armour         | 4 |  4.3
Shields        | 4 |  4.5
Fighting       | |  3.7

Action                   |  1- 3 |  4- 6 || total
-------------------------+-------+-------++-------
Melee: Long sword        |   129 |   149 ||   278
  Use: Scroll            |     3 |     2 ||     5
Armor: Scale mail        |    53 |    93 ||   146
Dodge: Dodged            |    70 |    69 ||   139
Block: Buckler           |    26 |    37 ||    63

Table legend: (Time is in decaauts)
 A = Elapsed time spent in this place.
 B = Non-inter-level travel time spent in this place.
 C = Inter-level travel time spent in this place.
 D = Time resting spent in this place.
 E = Time spent auto-exploring this place.
 F = Levels seen in this place.
 G = Mean time per level.
                   A        B        C        D        E       F      G
               +--------+--------+--------+--------+--------+-----+--------+
         Total |   3358 |   3278 |     80 |    235 |   2370 |   3 | 1119.3 |
       Dungeon |   3358 |   3278 |     80 |    235 |   2370 |   3 | 1119.3 |
               +--------+--------+--------+--------+--------+-----+--------+

Top non-repeatable levels by time:
     D:1: 1388 daAuts
     D:2: 1137 daAuts
     D:3: 832 daAuts
